 Dungeon Crawl Stone Soup version 0.22-a0-537-ge9e9f76342 (webtiles) character file.

17 JackS81 the Sneak (level 2, 0/19 HPs)
             Began as a Demonspawn Enchanter on June 23, 2018.
             Slain by a jackal (2 damage)
             ... on level 1 of the Dungeon.
             The game lasted 00:02:33 (606 turns).

JackS81 the Sneak (Demonspawn Enchanter)             Turns: 606, Time: 00:02:33

Health: 0/19       AC:  2    Str:  8    XL:     2   Next: 44%
Magic:  5/5        EV: 12    Int: 16    God:
Gold:   21         SH:  0    Dex: 13    Spells: 2/5 levels left

rFire    . . .     SeeInvis .   a - +1 dagger
rCold    . . .     Gourm    .   (no shield)
rNeg     . . .     Faith    .   b - +0 robe
rPois    .         Spirit   .   (no helmet)
rElec    .         Reflect  .   (no cloak)
rCorr    .         Harm     .   (no gloves)
MR       .....                  (no boots)
Stlth    ++........             (no amulet)
HPRegen  0.06/turn              (no ring)
MPRegen  0.09/turn              (no ring)

@: hasted, very quick
A: hooves 1
a: no special abilities


You were on level 1 of the Dungeon.
You were not hungry.

You visited 1 branch of the dungeon, and saw 1 of its levels.

You collected 21 gold pieces.

Inventory:

Hand Weapons
 a - a +1 dagger (weapon)
Missiles
 j - 24 stones (quivered)
Armour
 b - a +0 robe (worn)
Scrolls
 c - 2 scrolls of fog {unknown}
 e - 3 scrolls of enchant armour {unknown}
 f - a scroll of immolation {unknown}
 h - a scroll of random uselessness {unknown}
 i - 2 scrolls of noise {unknown}
Comestibles
 d - a ration


   Skills:
 * Level 1.4 Short Blades
 * Level 2.1 Dodging
 + Level 3.1 Stealth
 - Level 2.0 Spellcasting
 - Level 3.0 Hexes


You had 2 spell levels left.
You knew the following spells:

 Your Spells              Type           Power        Failure   Level  Hunger
a - Corona                Hex            ##.....      6%          1    #......
b - Ensorcelled Hibernat  Hex/Ice        #.....       17%         2    ###....

Your spell library contained the following spells:

 Spells                   Type           Power        Failure   Level  Hunger
 Confuse                  Hex            ##......     19%         3    ###....
 Tukima's Dance           Hex            ##......     19%         3    ###....
 Dazzling Spray           Conj/Hex       #.....       32%         3    ###....


Dungeon Overview and Level Annotations

Branches:
Dungeon (1/15)

Altars:


Innate Abilities, Weirdness & Mutations

You have large cloven feet.


Message History

The jackal is almost dead.
The jackal barely misses you.
You hit the jackal but do no damage.
The jackal is almost dead.
The jackal bites you.
* * * LOW HITPOINT WARNING * * *
You closely miss the jackal. Your kick misses the jackal.
The jackal is almost dead.
The jackal barely misses you.
You hit the jackal.
You kill the jackal!
You closely miss the jackal. The jackal bites you.
* * * LOW HITPOINT WARNING * * *
You closely miss the jackal. You kick the jackal.
The jackal is heavily wounded.
The jackal closely misses you.
You hit the jackal but do no damage. Your kick misses the jackal.
The jackal is heavily wounded.
The jackal bites you.
You die...

#### ##.#####.#...........)....#
...# #..# ##.#..........###..##
.8.# #.## ##..#.........####..#
...###.# ##...................###
.8.+.#.###..............##.......
...#..........#.........##.#.#.##
.8.#.........####.########.#.#..#
...#........#####.# #....##.#
####........##.h@.# #.#.###.#
.............#.#### #...# #.#
...............# #.### #)#
.........[.....# #.# #..
...............# #.# #..
...............# #.# ##.
..............## ### #.
............[.# #.
.......##.#...# #.


You could see a jackal.

Vanquished Creatures
  An ooze (D:1)
  A leopard gecko (D:1)
  2 goblins (D:1)
  3 jackals (D:1)
  A frilled lizard (D:1)
  A kobold (D:1)
  4 rats (D:1)
13 creatures vanquished.

Notes
Turn   | Place    | Note
-------+----------+-------------------------------------------
     0 | D:1      | JackS81 the Demonspawn Enchanter began the quest for the Orb.
     0 | D:1      | Reached XP level 1. HP: 13/13 MP: 3/3
    32 | D:1      | Reached skill level 1 in Short Blades
   488 | D:1      | Gained mutation: You have large cloven feet. [demonic ancestry]
   488 | D:1      | Reached XP level 2. HP: 19/19 MP: 3/5
   492 | D:1      | Learned a level 2 spell: Ensorcelled Hibernation
   606 | D:1      | Slain by a jackal

Vault maps used:
D:1:      doesnt_arrival_eight_statues

Skill      XL: |  1  2 |
---------------+-------+-----
Short Blades   | 1 |  1.4
Dodging        | 2 |  2.1
Stealth        | 3 |  3.1
Spellcasting   | |  2.0
Hexes          | |  3.0

Action                   || total
-------------------------++-------
Melee: Dagger            ||    49
       Kick              ||     4
 Cast: Corona            ||    12
  Use: Potion            ||     1
Armor: Robe              ||     2
Dodge: Dodged            ||    30

Table legend:
 A = Spawn XP
 B = Non-spawn XP
 C = Spawn XP percentage of total XP
 D = Spawn monster count
 E = Non-spawn monster count
 F = Spawn count percentage of total count
 G = Total turns spent on level
                    A         B        C        D         E        F      G
               +---------+---------+-------+---------+---------+-------+---------
         Total |       0 |      25 |   0.0 |       0 |      13 |   0.0 |   606
               +---------+---------+-------+---------+---------+-------+---------
           D:1 |       0 |      25 |   0.0 |       0 |      13 |   0.0 |   606
               +---------+---------+-------+---------+---------+-------+---------
